 Dungeon Crawl Stone Soup version 0.29-a0-106-g0a07039d5a (webtiles) character file.

Game seed: 17559817341428048870

118848 drugrobin the Impaler (level 15, -11/134 HPs)
             Began as a Demigod Warper on Feb 16, 2022.
             Mangled by a bog body (25 damage)
             ... on level 2 of the Swamp on Feb 17, 2022.
             The game lasted 03:26:18 (55813 turns).

drugrobin the Impaler (Demigod Warper)             Turns: 55813, Time: 03:26:18

Health: -11/134    AC: 19    Str: 17    XL:     15   Next: 79%
Magic:  27/33      EV: 15    Int: 19    God:
Gold:   22         SH:  0    Dex: 23    Spells: 4/32 levels left

rFire   . . .      SeeInvis .   c - +3 spear (venom)
rCold   . . .      Faith    .   (no shield)
rNeg    . . .      Spirit   .   K - +5 scale mail of the Robin {Regen+ Str-3 Dex+2}
rPois   .          Reflect  .   Z - +1 helmet
rElec   .          Harm     .   w - +0 cloak
rCorr   +          Rampage  +   P - +0 pair of gloves
Will    +....                   o - +1 pair of boots {rampage}
Stlth   +.........              (no amulet)
HPRegen 1.12/turn               h - ring of resist corrosion
MPRegen 0.23/turn               Y - +4 ring of slaying

@: no status effects
A: high MP 1, forlorn, divine attributes
a: no special abilities


You were on level 2 of the Swamp.
You visited 6 branches of the dungeon, and saw 25 of its levels.

You collected 2442 gold pieces.
You spent 2420 gold pieces at shops.

Inventory:

Hand Weapons
 a - a +4 trident of freezing
 b - a +2 shortbow of freezing
 c - a +3 spear of venom (weapon)
 d - a +0 glaive
Missiles
 l - 11 boomerangs (quivered)
 m - 406 arrows
 x - 10 poisoned darts
 E - 11 javelins
 F - a curare-tipped dart
Armour
 o - a +1 pair of boots of rampaging (worn)
 w - a +0 cloak (worn)
 K - the +5 scale mail of the Robin (worn) {Regen+ Str-3 Dex+2}
   (You bought it in a shop on level 2 of the Orcish Mines)

   Str:       It affects your strength (-3).
   Dex:       It affects your dexterity (+2).
   Regen:     It increases your rate of health regeneration.
 O - a +1 leather armour of willpower
 P - a +0 pair of gloves (worn)
 Z - a +1 helmet (worn)
Jewellery
 h - a ring of resist corrosion (left hand)
 s - the ring of Jealousy {rElec rPois}
   (You bought it in a shop on level 6 of the Dungeon)

   [ring of poison resistance]

   rElec:     It insulates you from electricity.
   rPois:     It protects you from poison.
 B - a ring of protection from cold
 Q - a +6 ring of intelligence
 R - a ring of see invisible
 S - a ring of protection from fire
 T - the ring of Fanaticism {rPois rN+ Int+6 Dex+2}
   (You found it on level 11 of the Dungeon)

   [ring of intelligence]

   Int:       It affects your intelligence (+6).
   Dex:       It affects your dexterity (+2).
   rPois:     It protects you from poison.
   rN:        It protects you from negative energy.
 X - a ring of flight
 Y - a +4 ring of slaying (right hand)
Wands
 r - a wand of polymorph (4)
 y - a wand of iceblast (5)
 C - a wand of paralysis (9)
 J - a wand of acid (5)
 L - a wand of digging (21)
 V - a wand of charming (2)
 W - a wand of mindburst (6)
Scrolls
 g - 7 scrolls of enchant weapon
 j - 5 scrolls of teleportation
 q - a scroll of amnesia
 u - 4 scrolls of magic mapping
 z - 3 scrolls of enchant armour
 D - 2 scrolls of fog
 G - 3 scrolls of holy word
 H - 2 scrolls of blinking
 M - a scroll of silence
Potions
 e - 2 potions of cancellation
 f - 2 potions of haste {unknown}
 i - 3 potions of flight
 k - 6 potions of curing
 n - 7 potions of might
 p - 2 potions of resistance
 t - 2 potions of invisibility
 v - 3 potions of magic
 A - a potion of brilliance
 I - 2 potions of heal wounds
 N - 2 potions of lignification
 U - a potion of attraction {unknown}


   Skills:
 + Level 12.4 Fighting
 + Level 15.9 Polearms
 - Level 0.8 Throwing
 + Level 6.5 Armour
 - Level 8.3 Dodging
 - Level 9.2 Spellcasting
 - Level 4.1 Conjurations
 + Level 12.5 Translocations
 - Level 1.4 Evocations


You had 4 spell levels left.
You knew the following spells:

 Your Spells              Type           Power      Damage    Failure   Level
a - Blink                 Tloc           100%       N/A       1%          2
b - Teleport Other        Tloc           54%        N/A       1%          3
c - Summon Small Mammal   Summ           32%        N/A       24%         1
d - Gell's Gravitas       Tloc           54%        N/A       1%          3
e - Dazzling Flash        Conj/Hex       32%        N/A       30%         3
f - Iskenderun's Mystic   Conj/Tloc      40%        2d9       8%          4
g - Summon Forest         Summ/Tloc      16%        N/A       45%         5
h - Mephitic Cloud        Conj/Pois/Air  14%        N/A       38%         3
i - Ignite Poison         Fire/Tmut/Pois 8%         N/A       58%         3
q - Apportation           Tloc           100%       N/A       1%          1

Your spell library contained the following spells:

 Spells                   Type           Power      Damage    Failure   Level
 Lesser Beckoning         Tloc           54%        N/A       1%          3
 Shock                    Conj/Air       64%        1d7       11%         1
 Static Discharge         Conj/Air       16%        N/A       16%         2
 Animate Skeleton         Necr           16%        N/A       24%         1
 Sublimation of Blood     Necr           8%         N/A       36%         2
 Summon Guardian Golem    Hex/Summ       8%         N/A       58%         3
 Swiftness                Air            8%         N/A       58%         3
 Sticky Flame             Conj/Fire      16%        2d4       71%         4
 Airstrike                Air            4%         N/A       94%         4
 Animate Armour           Summ/Erth      16%        N/A       94%         4
 Dispel Undead            Necr           8%         3d8       94%         4
 Petrify                  Tmut/Erth      8%         N/A       94%         4
 Manifold Assault         Tloc           54%        N/A       4%          5
 Irradiate                Conj/Tmut      8%         3d16      96%         5
 Freezing Cloud           Conj/Ice/Air   7%         6-21      98%         5
 Blade Hands              Tmut           4%         N/A       100%        5
 Eringya's Noxious Bog    Tmut/Pois      4%         N/A       100%        6
 Iron Shot                Conj/Erth      8%         9d3       100%        6
 Starburst                Conj/Fire      8%         6d4       100%        6
 Orb of Destruction       Conj           12%        9d7       100%        7
 Spellforged Servitor     Conj/Summ      8%         N/A       100%        7
 Summon Hydra             Summ           4%         N/A       100%        7


Dungeon Overview and Level Annotations

Branches:
Dungeon (13/15)            Temple (0/1) D:4            Lair (6/6) D:9
  Swamp (2/4) Lair:4       Spider (1/4) Lair:3        Slime (0/5) Lair:5
    Orc (2/2) D:12            Elf (1/3) Orc:2        Vaults (0/5) D:13

Shops:
D:4 (   D:6 ?:(!=   D:9 *   D:11 ::   D:13 [   Orc:1 !   Orc:2 [[=[

Annotations:
D:5 3 runed translucent doors, Dormantt's ghost, novice DEFE; frimble's ghost, novice GnIE; jlumianski's ghost, amateur HOFE; lonewolfV2's ghost, novice MiFi; siradein's ghost, novice NaHu
D:12 Rupert
Swamp:2 Nikola
Orc:2 1 runed translucent door, belegose's ghost, journeyman DsCA
Elf:1 1 runed translucent door, Ischegume's ghost, veteran HOFi


Innate Abilities, Weirdness & Mutations

You have an increased reservoir of magic. (+10% MP)
You shall have no god before yourself.
Your divine heritage dramatically boosts your attributes as you level up.


Message History

Casting: Blink (safe; 1% risk of failure)
Confirm with . or Enter, or press ? or * to list all spells.
You blink.
Splash!
You fall into the shallow water.
Moving in this stuff is going to be slow.
Unknown command.
Unknown command.
Unknown command.
Unknown command.
You miss the spriggan druid.
Nikola the Mad Inventor comes into view.
He is wielding a +0 rapier of electrocution.
The spriggan druid hits you with a +0 quarterstaff!
Unknown command.
Unknown command.
Found 16 stones.
The bog body casts a spell at you.
You easily resist.
Unknown command.
Unknown command.
Unknown command.
Unknown command.
Unknown command.
Unknown command.
Unknown command.
Blink to where?
Press: ? - help, Dir - move target
As you read the scroll of blinking, it crumbles to dust.
The bog body completely misses you. The bunyip claws you!! x2
* * * LOW HITPOINT WARNING * * *
The bunyip claws you!
* * * LOW HITPOINT WARNING * * *
Unknown command.
Unknown command.
Unknown command.
Unknown command.
The bog body touches you.
* * * LOW HITPOINT WARNING * * *
The bog body freezes you!!
You die...

.≈≈≈≈≈..≈≈≈≈≈..♣
≈≈≈≈≈≈≈≈≈≈≈@≈≈≈♣
♣≈≈.♣≈≈≈≈.≈≈≈≈.♣
≈≈≈.≈≈≈≈≈.≈.≈≈≈♣
.♣≈≈.≈§♣≈≈≈.....
....≈≈.§..≈.≈≈§≈
.(.≈.♣♣.≈.≈.≈≈≈.
♣.. ♣♣xi≈≈≈.≈..
♣ ♣.@...≈≈.♣♣
♣♣n♣♣≈..♣♣ ♣D♣
≈≈≈♣ ♣.♣ ♣≈♣♣
♣.♣ ♣♣ ♣♣♣


You could see Nikola, a bunyip (strong), a swamp dragon (strong), a spriggan
druid and a bog body.

Vanquished Creatures
  A thorn hunter (Swamp:1)
  An orc warlord (Orc:2)
  An emperor scorpion (Spider:1)
  Nessos (Lair:5)
  2 eleionomae (Swamp:1)
  A spark wasp (Spider:1)
  Snorg (Lair:3)
  A shambling mangrove (Swamp:1)
  Erolcha (D:10)
  2 boulder beetles
  6 hydras
  2 ghost crabs
  2 catoblepae (Lair:6)
  6 vault guards
  2 nameless horrors
  A death knight (D:11)
  4 alligators (Swamp:1)
  5 two-headed ogres
  2 dancing weapons
  A tengu warrior (D:12)
  6 death yaks
  7 orc high priests (Orc:2)
  Nergalle (Lair:1)
  A deep elf knight (Orc:2)
  4 pharaoh ants
  2 goliath frogs (Swamp:1)
  8 bog bodies
  A lindwurm (Lair:6)
  A swamp dragon (Swamp:1)
  2 spriggan druids
  A wizard (D:12)
  5 deep elf pyromancers
  6 deep elf zephyrmancers
  A phantasmal warrior (D:12)
  2 ugly things
  3 wolf spiders
  2 slime creatures (D:12)
  4 cyclopes
  2 orc sorcerers (Orc:2)
  A moth of wrath (Spider:1)
  3 manticores
  A will-o-the-wisp (Swamp:1)
  2 elephants (Lair:6)
  The ghost of being54 the Poker, a novice GnCA of Ignis (D:4)
  2 molten gargoyles (Lair:3)
  A gargoyle (D:12)
  2 torpor snails
  3 black mambas
  4 unseen horrors
  16 cane toads
  12 komodo dragons
  4 rime drakes
  Psyche (D:8)
  A kobold demonologist (D:12)
  2 trolls
  5 polar bears
  6 tarantellas
  9 hornets
  2 tyrant leeches (Swamp:1)
  21 blink frogs
  Prince Ribbit (D:8)
  8 spriggans
  13 jumping spiders
  4 culicivoras (Spider:1)
  A shadow (D:12)
  3 wraiths
  8 wyverns
  28 yaks
  7 hogs
  4 basilisks
  2 steam dragons
  A yak (shapeshifter) (D:13)
  6 vampire mosquitoes
  12 redbacks
  7 wargs
  5 swamp worms (Swamp:1)
  13 water moccasins
  A swamp drake (Swamp:1)
  15 orc warriors
  2 necrophages
  62 wolves
  7 centaurs
  5 ogres
  A phantom (D:5)
  A kobold brigand (D:7)
  11 bullfrogs
  2 scorpions
  A gnoll sergeant (D:11)
  2 troll zombies (Swamp:1)
  A wyvern skeleton (D:7)
  9 killer bees
  5 wights
  8 howler monkeys
  A troll skeleton (Swamp:1)
  4 electric eels
  5 lava snakes (Lair:3)
  42 orc priests
  3 bullfrog skeletons
  3 centaur zombies
  A gnoll shaman (D:7)
  3 hounds (D:5)
  5 jellies
  3 centaur skeletons (D:6)
  4 iguanas
  13 orc wizards
  4 howler monkey zombies
  2 adders
  9 gnolls
  2 white imps
  2 ufetubi
  2 worms
  A dart slug (D:4)
  72 orcs
  6 ball pythons
  9 bats
  4 endoplasms
  4 giant cockroaches
  7 hobgoblins
  4 jackals (D:2)
  8 kobolds
  3 quokkas
  4 frilled lizards
  9 goblins
  7 rats
  A butterfly (Lair:3)
704 creatures vanquished.

Vanquished Creatures (collateral kills)
  Gastronok (Lair:2)
  Kirke (D:13)
  2 bunyips (Swamp:1)
  The ghost of Eqink the Blocker, a journeyman FoFi of Cheibriados (D:12)
  2 vault guards
  A tengu warrior (D:12)
  A death yak (Lair:6)
  A pharaoh ant (Spider:1)
  A deep elf archer (Elf:1)
  A bog body (Swamp:1)
  A lindwurm (Lair:6)
  An elephant (Lair:6)
  A cane toad (Lair:6)
  A troll (Orc:2)
  A meliai (Lair:3)
  A hornet (Swamp:1)
  4 yaks
  2 spriggans (Swamp:1)
  A basilisk (Lair:6)
  A redback (Spider:1)
  2 orc warriors
  4 wolves (Lair:6)
  A killer bee (Lair:3)
  2 orc priests (Orc:1)
  2 orc wizards (Orc:1)
  9 orcs
  A bush (Lair:6)
47 creatures vanquished.

Vanquished Creatures (others)
  An alligator (Swamp:1)
  A swamp worm (Swamp:2)
  A warg (Orc:2)
  A water moccasin (D:4)
  An orc (Orc:2)
  A bush (Lair:6)
  8 foxfires (Swamp:1)
  61 fungi
  67 plants
  4 snaplasher vines
146 creatures vanquished.

Grand Total: 897 creatures vanquished

Notes
Turn   | Place    | Note
-------+----------+-------------------------------------------
     0 | D:1      | drugrobin the Demigod Warper began the quest for the Orb.
     0 | D:1      | Reached XP level 1. HP: 17/17 MP: 5/5
    67 | D:1      | Reached skill level 2 in Polearms
   436 | D:1      | Reached XP level 2. HP: 24/24 MP: 7/7
   704 | D:1      | Learned a level 2 spell: Blink
   708 | D:1      | Reached skill level 3 in Polearms
  1374 | D:2      | Reached XP level 3. HP: 22/29 MP: 8/8
  2342 | D:2      | Learned a level 3 spell: Teleport Other
  3245 | D:3      | Reached skill level 4 in Polearms
  3584 | D:3      | Reached XP level 4. HP: 36/36 MP: 9/9
  4779 | D:4      | Found a staircase to the Ecumenical Temple.
  4839 | D:4      | Reached skill level 5 in Polearms
  4839 | D:4      | Reached XP level 5. HP: 41/41 MP: 10/10
  4840 | D:4      | Noticed a water moccasin
  4840 | D:4      | Noticed a necrophage
  4899 | D:3      | HP: 1/41 [orc priest/divine providence (9)]
  5302 | D:4      | Killed a necrophage
  5510 | D:4      | Killed a water moccasin
  5546 | D:3      | Reached skill level 6 in Polearms
  5546 | D:3      | Reached XP level 6. HP: 4/48 MP: 5/11
  5945 | D:4      | Learned a level 1 spell: Summon Small Mammal
  5947 | D:4      | Learned a level 1 spell: Apportation
  5960 | D:4      | Found a runed translucent door.
  5961 | D:4      | Noticed being54's ghost (novice GnCA)
  6123 | D:4      | Identified the +7 dagger "Qettepom" {vorpal, Str+3}
  6511 | D:4      | Killed being54's ghost
  6512 | D:4      | Reached skill level 7 in Polearms
  6512 | D:4      | Reached XP level 7. HP: 10/53 MP: 7/12
  6770 | D:4      | Found Amoguuto's Antique Weapon Emporium.
  6779 | D:4      | Bought a glowing shortbow for 150 gold pieces
  7120 | D:5      | Entered Level 5 of the Dungeon
  7243 | D:5      | Found a runed translucent gate.
  7243 | D:5      | Found a runed translucent gate.
  7243 | D:5      | Found a runed translucent gate.
  7245 | D:5      | Noticed frimble's ghost (novice GnIE)
  7245 | D:5      | Noticed Dormantt's ghost (novice DEFE)
  7246 | D:5      | Noticed siradein's ghost (novice NaHu)
  7246 | D:5      | Noticed lonewolfV2's ghost (novice MiFi)
  7246 | D:5      | Noticed jlumianski's ghost (amateur HOFE)
  7441 | D:5      | Reached skill level 8 in Polearms
  8350 | D:5      | Reached XP level 8. HP: 63/63 MP: 13/13
  8717 | D:6      | Found Hexo's Antique Weapon Boutique.
 10024 | D:6      | Reached skill level 9 in Polearms
 10069 | D:6      | Learned a level 3 spell: Gell's Gravitas
 10103 | D:6      | Found Nyabax's Magic Scroll Boutique.
 10108 | D:6      | Bought a scroll of noise for 10 gold pieces
 10108 | D:6      | Bought a scroll of fog for 20 gold pieces
 10108 | D:6      | Bought a scroll of silence for 75 gold pieces
 10118 | D:6      | Found Mokol's Book Boutique.
 10226 | D:6      | Reached skill level 5 in Translocations
 10313 | D:6      | Found Obleafur's Jewellery Boutique.
 10411 | D:6      | Found Abagg's Distillery.
 10423 | D:6      | Bought a potion of degeneration for 13 gold pieces
 10864 | D:7      | Reached XP level 9. HP: 33/73 MP: 9/14
 11132 | D:7      | Reached skill level 5 in Fighting
 11911 | D:7      | Reached skill level 10 in Polearms
 12534 | D:7      | Identified the +1 robe "Naonoh" {-Tele rElec Will+ Int+4}
 12782 | D:8      | Noticed a two-headed ogre
 12911 | D:8      | Noticed Prince Ribbit
 12925 | D:8      | Killed Prince Ribbit
 13187 | D:8      | Noticed Psyche
 13719 | D:8      | Killed a two-headed ogre
 13720 | D:8      | Reached skill level 11 in Polearms
 13720 | D:8      | Reached XP level 10. HP: 15/84 MP: 15/15
 14504 | D:8      | Killed Psyche
 14732 | D:9      | Noticed a cyclops
 14765 | D:9      | Killed a cyclops
 15067 | D:9      | Found Ompitteche's General Store.
 15072 | D:9      | Bought a scroll of identify for 26 gold pieces
 15072 | D:9      | Bought a scroll of enchant armour for 97 gold pieces
 15072 | D:9      | Bought a potion of heal wounds for 65 gold pieces
 15290 | D:9      | Found a staircase to the Lair.
 16078 | D:10     | Entered Level 10 of the Dungeon
 16341 | D:10     | Noticed a two-headed ogre
 16376 | D:10     | Killed a two-headed ogre
 16377 | D:10     | Reached skill level 12 in Polearms
 16391 | D:10     | Paralysed by a hornet for 3 turns
 16720 | D:10     | Noticed Erolcha
 16857 | Lair:1   | Entered Level 1 of the Lair of Beasts
 17522 | Lair:1   | Reached XP level 11. HP: 93/93 MP: 17/17
 18847 | Lair:1   | Learned a level 3 spell: Dazzling Flash
 18943 | Lair:2   | Noticed a spriggan rider
 18944 | Lair:2   | Reached skill level 13 in Polearms
 20147 | Lair:2   | Reached skill level 5 in Dodging
 21036 | Lair:2   | Noticed Nergalle
 21565 | Lair:2   | Reached skill level 14 in Polearms
 22554 | Lair:1   | Killed Nergalle
 22758 | Lair:2   | Noticed Gastronok
 22817 | Lair:3   | Reached XP level 12. HP: 100/103 MP: 18/18
 22851 | Lair:3   | Noticed Snorg
 23714 | D:10     | Killed Erolcha
 24088 | D:11     | Noticed a boulder beetle
 24279 | D:11     | Found Eghuoroh's Book Emporium.
 24886 | D:11     | Reached skill level 10 in Fighting
 25229 | D:11     | Found Vanuth's Book Emporium.
 25265 | D:11     | Found a large runed translucent door.
 25266 | D:11     | Found a large runed translucent door.
 25267 | D:11     | Noticed Eqink's ghost (journeyman FoFi)
 25290 | D:11     | Learned a level 4 spell: Iskenderun's Mystic Blast
 25400 | D:11     | Identified the ring of Fanaticism {rPois rN+ Int+6 Dex+2}
 25812 | D:10     | Killed a boulder beetle
 25813 | D:10     | Reached skill level 1 in Conjurations
 26479 | D:12     | Noticed a boulder beetle
 26522 | D:12     | Noticed Rupert
 26531 | D:12     | Found a staircase to the Orcish Mines.
 26885 | D:12     | Noticed a death knight
 27190 | D:11     | Killed a death knight
 29358 | Lair:3   | Killed Snorg
 29771 | Lair:3   | Found a hole to the Spider Nest.
 30020 | Lair:2   | Killed Gastronok
 30021 | Lair:2   | Reached skill level 1 in Evocations
 31104 | Lair:4   | Reached XP level 13. HP: 91/114 MP: 23/23
 31806 | Lair:4   | Found a staircase to the Swamp.
 31825 | Lair:4   | Reached skill level 5 in Spellcasting
 31894 | Lair:4   | Learned a level 5 spell: Summon Forest
 33353 | Lair:5   | Noticed Nessos
 33643 | Lair:5   | Killed Nessos
 34020 | Lair:5   | Found a runed translucent door.
 34021 | Lair:5   | Found a staircase to the Slime Pits.
 34593 | Lair:6   | Entered Level 6 of the Lair of Beasts
 38711 | Lair:5   | Reached skill level 10 in Translocations
 38711 | Lair:5   | Reached XP level 14. HP: 98/122 MP: 25/30
 40919 | Orc:1    | Entered Level 1 of the Orcish Mines
 41062 | Orc:1    | You fall into a shaft and drop 1 floor!
 41062 | Orc:2    | Entered Level 2 of the Orcish Mines
 41708 | Orc:1    | Found Uwytirhu's Distillery.
 41712 | Orc:1    | Bought a potion of heal wounds for 70 gold pieces
 42145 | Orc:2    | Found a runed translucent door.
 42146 | Orc:2    | Noticed belegose's ghost (journeyman DsCA)
 43409 | Orc:2    | Found Caoba's Armour Boutique.
 43409 | Orc:2    | Found Ykhler's Jewellery Shoppe.
 44587 | Orc:2    | Noticed an orc warlord
 44676 | Orc:2    | Killed an orc warlord
 45093 | Orc:2    | Found Qunweini's Armour Boutique.
 45093 | Orc:2    | Found Daonecukk's Armour Shoppe.
 45153 | Orc:2    | Found a staircase to the Elven Halls.
 45312 | Orc:2    | Bought the +5 scale mail of the Robin {Regen+ Str-3 Dex+2}
                  | for 372 gold pieces
 45347 | Orc:2    | Learned a level 3 spell: Mephitic Cloud
 45351 | Orc:2    | Learned a level 3 spell: Ignite Poison
 45579 | D:12     | Reached skill level 1 in Armour
 45650 | D:13     | Noticed Kirke
 45933 | D:13     | Found Koed's Antique Armour Emporium.
 46017 | D:12     | Killed Eqink's ghost
 46087 | D:13     | Bought a shiny helmet for 202 gold pieces
 46464 | D:13     | Killed Kirke
 46532 | D:13     | Found a gate to the Vaults.
 46729 | D:12     | Reached skill level 15 in Polearms
 47197 | Swamp:1  | Entered Level 1 of the Swamp
 47552 | D:6      | Bought a +4 ring of slaying for 780 gold pieces
 47552 | D:6      | Bought a ring of resist corrosion for 200 gold pieces
 47876 | Swamp:1  | HP: 3/124 [constriction (19)]
 48315 | Swamp:2  | Noticed a thorn hunter
 48685 | D:12     | Reached XP level 15. HP: 102/130 MP: 33/33
 49180 | Swamp:1  | Identified the +13 plate armour of the Mind {rC+++ Will+
                  | Dex-3 Stlth+}
 49550 | Swamp:2  | Noticed a tentacled monstrosity
 49756 | Swamp:1  | Killed a thorn hunter
 49847 | Swamp:1  | Reached skill level 5 in Armour
 50459 | Spider:1 | Entered Level 1 of the Spider Nest
 53056 | Elf:1    | Entered Level 1 of the Elven Halls
 53297 | Orc:2    | HP: 5/133 [poisoned by a +0 trident of venom]
 54998 | Elf:1    | Found a runed translucent door.
 55001 | Elf:1    | Noticed Ischegume's ghost (veteran HOFi)
 55253 | D:6      | Bought the ring of Jealousy {rElec rPois} for 340 gold
                  | pieces
 55810 | Swamp:2  | Noticed Nikola
 55813 | Swamp:2  | Mangled by a bog body

Illustrated notes

Levels and vault maps discovered:
D:1:      psy_arrival_heroes, layout_basic, shapermc_ecumenical_altar_flowoftime
D:2:      layout_basic
D:3:      layout_rooms, lemuel_tele_altar, due_unseen_surprise
D:4:      layout_rooms, lemuel_temple_firewalk_b, gammafunk_ghost_grave,
          serial_shops, nicolae_square_shop
D:5:      layout_loops_ring, amcnicky_altar_gilded, gammafunk_ghost_cemetery,
          hangedman_decor_slide_cut
D:6:      layout_rooms, mainiacjoe_overflow_tiny_flanked,
          mainiacjoe_overflow_catwalk, serial_shops, kennysheep_little_box,
          nicolae_shop_hallway_stairs, nicolae_lakefront_shop,
          nicolae_shop_behind_doors, shop
D:7:      layout_basic, mainiacjoe_overflow_concentric_impassable,
          chequers_serial_rivers_small_3, minmay_increasing_density
D:8:      layout_basic, nicolae_ossuary_entry_monument,
          kb_lookout_dungeons_type, small_chamber_with_monster,
          uniq_prince_ribbit1, uniq_psyche
D:9:      layout_basic, mainiacjoe_overflow_alcove_2, lair_entry_dummy,
          serial_shops, shop
D:10:     layout_cave_pools, uniq_erolcha
D:11:     layout_cave_pools, ebering_ghost_disaster_area, serial_shops,
          nicolae_shop_hallway_plus, shop, hangedman_abyss_or_decor_slice
D:12:     layout_roguey, orc_0_dummy, drop_trap,
          onia_ninara_dug_in_and_dangerous, uniq_rupert
D:13:     layout_cave_pools, erik_vaults_2, serial_shops, nicolae_stop_n_shop_1,
          uniq_kirke
Lair:1:   layout_cave_pods, minivault_26, infiniplex_staircase_pool
Lair:2:   layout_roguey, st_stairs_10, grunt_forest_large_clearings,
          uniq_nergalle, uniq_gastronok
Lair:3:   cheibrodos_magma_flow, layout_chaotic_city,
          hellmonk_spider_entry_not_the_bees, minmay_stone_trees_small,
          lemuel_fruit_fields, grunt_megastairs_3, uniq_snorg
Lair:4:   layout_gridlike, skrybe_swamp_entry_bodies, beast_lair_carwin_1
Lair:5:   layout_hall_layers, slime_altar_2, serial_bayou_shore_a,
          grunt_megastairs_5, uniq_nessos
Lair:6:   hangedman_lair_in_review, layout_gridlike, fungi_pond_lemuel
Swamp:1:  layout_falls_marsh, nicolae_swamp_trees_clearing,
          cheibrodos_swamp_minitomb
Swamp:2:  layout_falls_marsh, evilmike_swamp_ruin_rubble_2, uniq_nikola
Spider:1: layout_cave_pods
Orc:1:    layout_caves, serial_shops, nicolae_shop_crystal,
          nicolae_orc_crystal_geode
Orc:2:    st_orc_town, layout_diamond_mine, ebering_ghost_inner_flame,
          mines1_david
Elf:1:    minmay_elf_arrival_circle, layout_loops_ring, hellmonk_ghost_big_iron,
          minmay_elf_sorcery, fountainhead, nicolae_shop_overcharged_wands

Skill      XL: |  1  2  3  4  5  6  7  8  9 10 11 12 13 14 15 |
---------------+----------------------------------------------+-----
Polearms       | 2 3 4 5 6 7 8 9 11 12 14 15 | 15.9
Fighting       | 3 4 6 7 9 10 11 12 | 12.4
Translocations | 3 5 6 7 10 11 12 | 12.5
Dodging        | 3 6 8 |  8.3
Spellcasting   | 4 8 9 |  9.2
Conjurations   | 3 4 |  4.1
Evocations     | 1 |  1.4
Armour         | 4 6 |  6.5
Throwing       | |  0.8

Action                   |  1- 3 |  4- 6 |  7- 9 | 10-12 | 13-15 || total
-------------------------+-------+-------+-------+-------+-------++-------
Melee: Spear             |   167 |   134 |       |   100 |   391 ||   792
       Great sword       |    35 |       |       |       |       ||    35
       Punch             |       |     2 |     4 |    19 |    34 ||    59
       Dagger            |       |    43 |    91 |       |       ||   134
       Trident           |       |       |   199 |   798 |  1393 ||  2390
       Hand axe          |       |       |       |    36 |       ||    36
       Glaive            |       |       |       |       |   211 ||   211
       Unarmed           |       |       |       |       |     4 ||     4
 Fire: Hunting sling     |    18 |    52 |       |       |       ||    70
       Shortbow          |       |       |    84 |    64 |    27 ||   175
Throw: Stone             |    12 |     4 |     9 |     3 |       ||    28
       Dart              |     1 |     1 |    14 |    19 |     7 ||    42
       Javelin           |       |     5 |    10 |     5 |     7 ||    27
       Boomerang         |       |     2 |       |    25 |    67 ||    94
       Throwing net      |       |       |     2 |       |       ||     2
 Cast: Blink             |     7 |     9 |    11 |    42 |   121 ||   190
       Teleport Other    |       |     1 |       |    19 |    30 ||    50
       Summon Small Mamm |       |     1 |     7 |     5 |    18 ||    31
       Gell's Gravitas   |       |       |       |    27 |    16 ||    43
       Apportation       |       |       |       |     1 |    10 ||    11
       Dazzling Flash    |       |       |       |     9 |     7 ||    16
       Iskenderun's Myst |       |       |       |     1 |    17 ||    18
       Summon Forest     |       |       |       |       |    36 ||    36
       Mephitic Cloud    |       |       |       |       |     1 ||     1
Evoke: Wand              |       |     4 |     2 |    12 |    16 ||    34
  Use: Scroll            |       |     5 |     5 |    13 |    14 ||    37
       Potion            |       |     1 |     1 |     2 |     9 ||    13
 Stab: Sleeping          |     1 |       |     1 |     2 |     3 ||     7
       Held in net/web   |       |       |     1 |       |       ||     1
       Distracted        |       |       |     1 |     2 |     9 ||    12
       Invisible         |       |       |       |     6 |     2 ||     8
       Paralysed         |       |       |       |       |    10 ||    10
Armor: Leather armour    |    60 |    45 |    56 |    31 |   149 ||   341
       Robe              |       |       |       |    81 |       ||    81
       Scale mail        |       |       |       |       |   290 ||   290
       Skin              |       |       |       |       |     4 ||     4
Dodge: Dodged            |   116 |    64 |   141 |   469 |  1023 ||  1813
Block: Buckler           |       |       |       |     7 |       ||     7

Table legend: (Time is in decaauts)
 A = Elapsed time spent in this place.
 B = Non-inter-level travel time spent in this place.
 C = Inter-level travel time spent in this place.
 D = Time resting spent in this place.
 E = Time spent auto-exploring this place.
 F = Levels seen in this place.
 G = Mean time per level.
                   A        B        C        D        E       F      G
               +--------+--------+--------+--------+--------+-----+--------+
         Total |  54981 |  50197 |   4784 |  19504 |  18284 |  25 | 2199.2 |
       Dungeon |  24460 |  22108 |   2352 |   7349 |   9267 |  13 | 1881.5 |
          Lair |  20198 |  18585 |   1613 |   8205 |   6581 |   6 | 3366.3 |
         Swamp |   2619 |   2207 |    412 |    710 |    458 |   2 | 1309.5 |
   Spider Nest |   1447 |   1392 |     55 |    296 |    458 |   1 | 1447.0 |
  Orcish Mines |   5578 |   5252 |    326 |   2567 |   1440 |   2 | 2789.0 |
   Elven Halls |    677 |    653 |     24 |    374 |     79 |   1 |  677.0 |
               +--------+--------+--------+--------+--------+-----+--------+

Top non-repeatable levels by time:
  Lair:6: 4420 daAuts
   Orc:2: 4346 daAuts
  Lair:1: 3908 daAuts
  Lair:2: 3531 daAuts
    D:12: 3314 daAuts
  Lair:3: 3082 daAuts
  Lair:4: 2804 daAuts
     D:7: 2780 daAuts
 Swamp:1: 2537 daAuts
  Lair:5: 2451 daAuts
     D:2: 2284 daAuts
     D:3: 2228 daAuts
    D:11: 2045 daAuts
     D:5: 2018 daAuts
     D:9: 1796 daAuts
